 Dungeon Crawl Stone Soup version 0.30-a0-586-g23e55c9e0a (webtiles) character file.

Game seed: 105608168390402279

107 IdlyInterested the Trooper (level 4, 0/39 HPs)
             Began as a Demonspawn Fighter on Jan 3, 2023.
             Succumbed to an adder's poison
             ... on level 2 of the Dungeon.
             The game lasted 00:03:15 (1191 turns).

IdlyInterested the Trooper (Demonspawn Fighter)     Turns: 1191, Time: 00:03:15

Health: 0/39       AC:  2    Str: 16    XL:     4   Next: 56%
Magic:  4/4        EV: 11    Int:  9    God:
Gold:   54         SH:  9    Dex: 15    Spells: 3/3 levels left

rFire   . . .      SeeInvis .    a - +0 flail
rCold   . . .      Faith    .    c - +0 buckler
rNeg    . . .      Spirit   .    q - +0 robe
rPois   .          Reflect  .    (no helmet)
rElec   .          Harm     .    (no cloak)
rCorr   .          Rampage  .    (no gloves)
Will    .....                    (no boots)
Stlth   +                        (no amulet)
HPRegen 0.26/turn                (no ring)
MPRegen 0.09/turn                (no ring)

@: lethally poisoned (0 -> -3), flying, slowed, very slow
A: large bone plates 1
a: no special abilities


You were on level 2 of the Dungeon.
You visited 1 branch of the dungeon, and saw 2 of its levels.

You collected 54 gold pieces.

Inventory:

Hand Weapons
 a - a +0 flail (weapon)
 i - a +0 falchion
 n - a +0 vampiric dagger
 p - a +2 dagger of speed
Missiles
 j - 3 boomerangs (quivered)
 m - 7 stones
Armour
 b - a +0 scale mail
 c - a +0 buckler (worn)
 k - a +0 ring mail
 q - a +0 robe (worn)
Scrolls
 f - 2 scrolls of identify {unknown}
 g - 2 scrolls of teleportation {unknown}
 h - a scroll of summoning {unknown}
 l - a scroll of fog {unknown}
 o - a scroll of enchant weapon {unknown}
Potions
 d - a potion of might


   Skills:
 + Level 5.0 Fighting
 - Level 1.7 Maces & Flails
 - Level 3.0 Armour
 + Level 1.0 Dodging
 - Level 2.6 Shields


You had 3 spell levels left.
You didn't know any spells.
Your spell library contained the following spells:

 Spells                   Type           Power      Damage    Failure   Level
 Sting                    Tmut/Pois      0%         1d3       47%         1
 Poisonous Vapours        Pois/Air       0%         N/A       63%         2
 Olgreb's Toxic Radiance  Pois           0%         N/A       99%         4


Dungeon Overview and Level Annotations

Branches:
Dungeon (2/15)

Altars:


Innate Abilities, Weirdness & Mutations

You are partially covered in large bone plates. (SH +4)


Message History

You hit Natasha.
You kill Natasha!
Suddenly Natasha's spirit rises from her lifeless body.
The adder completely misses you. The ball python barely misses you.
The ball python constricts you. The adder bites you.
You are poisoned.
The adder poisons you! The ball python bites you.
The ball python constricts you. The adder bites you.
You are more poisoned.
The adder poisons you!
Your Fighting skill increases to level 5!
Your Dodging skill increases to level 1!
Unknown command.
You escape the ball python's grasp.
The ball python attacks as you move away!
You block the ball python's attack. The ball python barely misses you.
You feel very sick. The adder bites you. The ball python closely misses you.
You block the ball python's attack. The adder bites you.
You are lethally poisoned!
The adder poisons you!
The ball python attacks as you move away!
The ball python completely misses you.
* * * LOW HITPOINT WARNING * * *
You feel very sick.
You barely miss the adder.
* * * LOW HITPOINT WARNING * * *
You feel very sick. You block the adder's attack. The adder bites you.
* * * LOW HITPOINT WARNING * * *
The adder barely misses you.
It was a potion of flight.
You feel very buoyant.
You fly up into the air.
* * * LOW HITPOINT WARNING * * *
You feel very sick. You block the adder's attack.
The adder bites you but does no damage.
You hit the adder.
The adder is heavily wounded.
You die...

#..........#
#..........#
#..........#
###'########
#.# #.# #.#
#.# #@#
##S#######
#.S.......
#........#
....#####.#
###..# ....
.##.. . ##.


You could see an adder and a ball python.

Vanquished Creatures
  Jessica (D:2)
  Natasha (D:2)
  An adder (D:2)
  2 worms (D:2)
  2 dart slugs (D:1)
  2 ball pythons (D:2)
  3 endoplasms (D:1)
  6 giant cockroaches
  2 goblins (D:1)
  3 hobgoblins (D:1)
  2 jackals (D:1)
  4 bats
  4 frilled lizards
  2 kobolds
  3 rats (D:1)
38 creatures vanquished.

Vanquished Creatures (others)
  A bat (D:1)
1 creature vanquished.

Grand Total: 39 creatures vanquished

Notes
Turn   | Place    | Note
-------+----------+-------------------------------------------
     0 | D:1      | IdlyInterested the Demonspawn Fighter began the quest for
                  | the Orb.
     0 | D:1      | Reached XP level 1. HP: 18/18 MP: 1/1
   166 | D:1      | Gained mutation: You are partially covered in large bone
                  | plates. (SH +4) [demonic ancestry]
   166 | D:1      | Reached XP level 2. HP: 24/24 MP: 2/2
   443 | D:1      | Reached XP level 3. HP: 30/30 MP: 3/3
   465 | D:1      | Reached skill level 4 in Fighting
  1099 | D:2      | Noticed Jessica
  1107 | D:2      | Killed Jessica
  1108 | D:2      | Reached XP level 4. HP: 31/38 MP: 4/4
  1177 | D:2      | Noticed Natasha
  1186 | D:2      | Killed Natasha
  1187 | D:2      | Reached skill level 5 in Fighting
  1187 | D:2      | Reached skill level 1 in Dodging
  1191 | D:2      | Succumbed to an adder's poison

Illustrated notes

Levels and vault maps discovered:
D:1:      sevenhm_arrival_forest_fort_large_4, layout_basic,
          amcnicky_mini_corridor_feature
D:2:      layout_basic, uniq_natasha, uniq_jessica

Skill      XL: |  1  2  3  4 |
---------------+-------------+-----
Armour         | 3 |  3.0
Fighting       | 4 5 |  5.0
Dodging        | 1 |  1.0
Maces & Flails | |  1.7
Shields        | |  2.6

Action                   |  1- 3 |  4- 6 || total
-------------------------+-------+-------++-------
Melee: Flail             |   114 |    16 ||   130
  Use: Potion            |       |     1 ||     1
Armor: Scale mail        |    48 |       ||    48
       Ring mail         |     4 |     4 ||     8
       Robe              |       |     2 ||     2
Dodge: Dodged            |    36 |    16 ||    52
Block: Buckler           |    50 |    14 ||    64

Table legend: (Time is in decaauts)
 A = Elapsed time spent in this place.
 B = Non-inter-level travel time spent in this place.
 C = Inter-level travel time spent in this place.
 D = Time resting spent in this place.
 E = Time spent auto-exploring this place.
 F = Levels seen in this place.
 G = Mean time per level.
                   A        B        C        D        E       F      G
               +--------+--------+--------+--------+--------+-----+--------+
         Total |   1241 |   1121 |    120 |    145 |    568 |   2 |  620.5 |
       Dungeon |   1241 |   1121 |    120 |    145 |    568 |   2 |  620.5 |
               +--------+--------+--------+--------+--------+-----+--------+

Top non-repeatable levels by time:
     D:1: 900 daAuts
     D:2: 341 daAuts
